 Dungeon Crawl Stone Soup version 0.23.0 (webtiles) character file.

Game seed: 7321141342865483124

5627 KaKa the Fighter (level 10, 0/88 HPs)
             Began as a Pale Draconian Transmuter on Feb 15, 2019.
             Was an Initiate of Wu Jian.
             Slain by a komodo dragon (29 damage)
             ... on level 1 of the Lair of Beasts on Feb 16, 2019.
             The game lasted 01:19:11 (10833 turns).

KaKa the Fighter (Pale Draconian Transmuter)       Turns: 10833, Time: 01:19:11

Health: 0/88       AC:  2    Str: 13 (14) XL:     10   Next: 46%
Magic:  11/16      EV: 25    Int: 13      God:    Wu Jian [......]
Gold:   550        SH:  0    Dex: 19      Spells: 7/17 levels left

rFire    . . .     SeeInvis .     - Unarmed
rCold    . . .     Gourm    .   (shield currently unavailable)
rNeg     + . .     Faith    .   (armour unavailable)
rPois    x         Spirit   .   (helmet currently unavailable)
rElec    .         Reflect  .   (cloak currently unavailable)
rCorr    .         Harm     .   (gloves currently unavailable)
MR       .....                  (boots currently unavailable)
Stlth    ++........             F - amulet of regeneration
HPRegen  0.64/turn              D - ring of positive energy
MPRegen  0.15/turn              (no ring)

@: lethally poisoned (0 -> -27), spider-form, very slightly contaminated
A: tiny, (breathe steam), unfitting armour, AC +7
a: End Transformation, Renounce Religion


You were on level 1 of the Lair of Beasts.
You worshipped Wu Jian.
Wu Jian was noncommittal.
You were not hungry.
You were a venomous arachnid creature.
You visited 2 branches of the dungeon, and saw 10 of its levels.

You collected 550 gold pieces.

Inventory:

Hand Weapons
 v - a +0 blowgun
Missiles
 a - 84 arrows
 g - 44 bolts
 m - 6 needles of paralysis
 u - 21 poisoned needles
Armour
 s - a +1 cloak of invisibility (melded)
 A - a cursed +0 pair of gloves (melded)
Magical Staves
 d - an uncursed staff of poison (melded)
Jewellery
 y - an uncursed ring of ice
 D - a ring of positive energy (left front leg)
 F - an amulet of regeneration (around neck)
Wands
 f - a wand of random effects (19)
 l - a wand of flame (20)
 B - a wand of enslavement (8)
 C - a wand of polymorph (10)
Scrolls
 b - 2 scrolls of magic mapping
 h - a scroll of random uselessness {unknown}
 i - a scroll of blinking {unknown}
 j - a scroll of remove curse {unknown}
 k - a scroll of teleportation
 n - 3 scrolls of enchant armour
 r - 4 scrolls of enchant weapon
 t - 6 scrolls of fog
 w - a scroll of immolation {unknown}
Potions
 e - a potion of cancellation
 o - a potion of ambrosia
 q - 3 potions of brilliance
 x - 6 potions of berserk rage
Comestibles
 c - 16 rations


   Skills:
 + Level 8.2 Fighting
 - Level 2.0 Throwing
 + Level 6.2 Dodging
 + Level 8.1 Unarmed Combat
 - Level 4.0 Spellcasting
 + Level 7.7 Transmutations
 + Level 2.8 Ice Magic
 + Level 1.8 Poison Magic


You had 7 spell levels left.
You knew the following spells:

 Your Spells              Type           Power        Failure   Level  Hunger
a - Beastly Appendage     Tmut           ###...       4%          1    None
b - Sticks to Snakes      Tmut           ###.....     6%          2    ##.....
c - Spider Form           Tmut/Pois      ###.......   22%         3    ###....
d - Ice Form              Ice/Tmut       ###.....     43%         4    ####...

Your spell library contained the following spells:

 Spells                   Type           Power        Failure   Level  Hunger
 Freeze                   Ice            ##..         17%         1    None
 Throw Frost              Conj/Ice       #.....       36%         2    ##.....
 Animate Skeleton         Necr           N/A          41%         1    None
 Apportation              Tloc           #.....       41%         1    None
 Confusing Touch          Hex            #.....       41%         1    None
 Summon Small Mammal      Summ           #...         41%         1    None
 Blade Hands              Tmut           ###.......   45%         5    ######.
 Ozocubu's Armour         Chrm/Ice       #.......     56%         3    ###....
 Petrify                  Tmut/Erth      ##......     61%         4    ####...
 Confuse                  Hex            #.......     73%         3    ###....
 Gell's Gravitas          Tloc           #.........   73%         3    ###....
 Summon Ice Beast         Ice/Summ       #.......     89%         4    ####...
 Throw Icicle             Conj/Ice       #.......     89%         4    ####...
 Yara's Violent Unravell  Hex/Tmut       ##........   89%         5    ######.
 Metabolic Englaciation   Hex/Ice        #.........   99%         5    ######.


Dungeon Overview and Level Annotations

Branches:
Dungeon (9/15)               Lair (1/6) D:9
 Temple: D:4-7          Orc: D:9-12

Altars:
Ashenzari
Elyvilon
Gozag
Makhleb
Ru
Vehumet
Wu Jian
The Shining One
Lugonu

Shops:
D:9 :

Annotations:
D:6 Dowan, Duvessa, Grinder
D:7 exclusions: skeleton and 1 more exclusion
D:9 2 transporters


Innate Abilities, Weirdness & Mutations

((You can breathe blasts of scalding, opaque steam.))
((Your pale cyan-grey scales are hard. (AC +7)))
You cannot fit into any form of body armour.
((You are cold-blooded and may be slowed by cold attacks.))


Message History

You are more poisoned.
The water moccasin poisons you!
A spiny frog comes into view.
The water moccasin closely misses you.
The spiny frog croaks.
You hit the water moccasin.
You kill the water moccasin!
The Council accepts your kill.
You feel very sick. The water moccasin closely misses you.
The komodo dragon misses you.
You barely miss the komodo dragon.
The komodo dragon is heavily wounded.
You feel very sick.
The water moccasin completely misses you.
The water moccasin closely misses you.
You hit the komodo dragon.
The komodo dragon looks even sicker.
The komodo dragon is heavily wounded.
You feel very sick. The komodo dragon bites you!!
You die...

[ .. ... ....
####....!
##........
##.s.......
#.S#l......
#.....$.......
....#.....###...
.###F....## ..
.......# #
.......##
.......##
.......


You could see a komodo dragon, a spiny frog and a water moccasin.

Vanquished Creatures
  Pikel (D:9)
  Maurice (D:9)
  Prince Ribbit (D:7)
  2 hippogriffs
  A spriggan (D:8)
  A hungry ghost (D:8)
  2 water moccasins
  3 slaves (D:9)
  A necrophage (D:8)
  2 ice beasts
  2 orc warriors
  3 phantoms
  A sky beast (D:8)
  A black bear (D:7)
  2 ogres
  A crocodile (D:9)
  2 centaurs
  A big kobold (D:7)
  Blork the orc (D:5)
  8 bullfrogs
  2 scorpions
  A water moccasin skeleton (D:9)
  9 wights
  2 crimson imps
  4 hounds
  4 jellies
  3 bullfrog skeletons
  3 orc priests
  5 iguanas
  7 orc wizards
  Ijyb (D:5)
  7 worker ants
  A hound skeleton (D:5)
  A howler monkey zombie (D:6)
  15 adders
  3 shadow imps
  3 oozes
  4 dart slugs
  3 leopard geckos
  29 orcs
  9 bats
  8 giant cockroaches
  10 goblins
  5 hobgoblins
  12 jackals
  4 quokkas
  3 ball pythons
  5 frilled lizards
  A jackal zombie (D:9)
  20 kobolds
  A leopard gecko skeleton (D:8)
  3 quokka skeletons
  10 rats
235 creatures vanquished.

Vanquished Creatures (others)
  An orc wizard (D:8)
  A bush (D:6)
  3 fungi (D:6)
5 creatures vanquished.

Grand Total: 240 creatures vanquished

Notes
Turn   | Place    | Note
-------+----------+-------------------------------------------
     0 | D:1      | KaKa the Draconian Transmuter began the quest for the Orb.
     0 | D:1      | Reached XP level 1. HP: 16/16 MP: 3/3
   170 | D:1      | Reached XP level 2. HP: 23/23 MP: 3/5
   427 | D:1      | Learned a level 2 spell: Sticks to Snakes
   640 | D:1      | Reached XP level 3. HP: 29/29 MP: 4/6
   948 | D:2      | Found a sacrificial altar of Ru.
  1118 | D:2      | Reached XP level 4. HP: 36/36 MP: 5/7
  2487 | D:3      | Reached XP level 5. HP: 25/42 MP: 7/9
  3664 | D:4      | Found a shattered altar of Ashenzari.
  4349 | D:4      | Reached XP level 6. HP: 18/51 MP: 11/11
  5291 | D:5      | Entered Level 5 of the Dungeon
  5385 | D:5      | Noticed Blork the orc
  6122 | D:5      | Your scales start taking on a pale cyan-grey colour.
  6122 | D:5      | Reached XP level 7. HP: 59/59 MP: 12/12
  6154 | D:5      | Learned a level 3 spell: Spider Form
  6240 | D:5      | Killed Blork the orc
  6461 | D:5      | Noticed Ijyb
  6475 | D:5      | Reached skill level 5 in Unarmed Combat
  6482 | D:5      | Reached skill level 1 in Throwing
  6485 | D:5      | Paralysed by Ijyb for 2 turns
  6490 | D:5      | Killed Ijyb
  6512 | D:5      | Found a glowing golden altar of the Shining One.
  6668 | D:6      | Noticed Grinder
  6879 | D:6      | Noticed a six-headed hydra
  7020 | D:6      | Reached skill level 5 in Fighting
  7020 | D:6      | Reached XP level 8. HP: 56/68 MP: 8/14
  7113 | D:6      | Reached skill level 5 in Transmutations
  7277 | D:6      | Noticed Dowan
  7283 | D:6      | Noticed Duvessa
  8140 | D:7      | Reached XP level 9. HP: 72/75 MP: 11/15
  8250 | D:7      | Noticed Prince Ribbit
  8258 | D:7      | Killed Prince Ribbit
  8806 | D:8      | Reached skill level 5 in Dodging
  8875 | D:8      | Found an opulent altar of Gozag.
  9295 | D:8      | Learned a level 4 spell: Ice Form
  9544 | D:8      | Reached skill level 1 in Ice Magic
  9740 | D:9      | Found a faded altar of an unknown god.
  9740 | D:9      | Found a faded altar of an unknown god.
  9745 | D:9      | Found a radiant altar of Vehumet.
  9750 | D:9      | Found a white marble altar of Elyvilon.
  9752 | D:9      | Found a burning altar of Makhleb.
  9877 | D:9      | Noticed a green ugly thing
  9883 | D:9      | Reached XP level 10. HP: 80/87 MP: 12/16
  9906 | D:9      | HP: 2/88 [water moccasin skeleton (5)]
  9923 | D:9      | Noticed Pikel
  9925 | D:9      | HP: 4/88 [slave[Pikel] (4)]
  9927 | D:9      | Found an ornate altar of the Wu Jian Council.
 10158 | D:9      | Found Yngua's Book Boutique.
 10315 | D:9      | Became a worshipper of the Wu Jian Council
 10342 | D:9      | Found a staircase to the Lair.
 10442 | D:9      | Noticed a red ugly thing
 10444 | D:9      | Noticed a red ugly thing
 10483 | D:9      | Found a transporter.
 10497 | D:9      | Noticed a brown ugly thing
 10498 | D:9      | Found a corrupted altar of Lugonu.
 10544 | D:9      | Found a transporter.
 10586 | D:9      | Noticed Maurice
 10601 | D:9      | Killed Maurice
 10601 | D:9      | Reached skill level 1 in Poison Magic
 10753 | D:9      | Killed Pikel
 10819 | Lair:1   | Entered Level 1 of the Lair of Beasts
 10830 | Lair:1   | Noticed a spiny frog
 10833 | Lair:1   | Slain by a komodo dragon

Skill      XL: |  1  2  3  4  5  6  7  8  9 10 |
---------------+-------------------------------+-----
Dodging        | 2 4 5 6 |  6.2
Fighting       | 2 3 4 5 6 7 8 |  8.2
Spellcasting   | 3 4 |  4.0
Transmutations | 3 4 5 7 |  7.7
Unarmed Combat | 4 5 6 7 8 |  8.1
Throwing       | 1 2 |  2.0
Ice Magic      | 1 2 |  2.8
Poison Magic   | 1 |  1.8

Action                   |  1- 3 |  4- 6 |  7- 9 | 10-12 || total
-------------------------+-------+-------+-------+-------++-------
Melee: Unarmed           |   106 |   302 |   381 |   142 ||   931
       Kick              |     5 |    19 |     6 |       ||    30
       Headbutt          |     9 |    27 |     1 |     1 ||    38
       Tailslap          |     8 |    20 |     8 |     2 ||    38
       Punch             |       |     3 |     1 |     1 ||     5
 Fire: Blowgun           |       |    15 |     4 |       ||    19
Throw: Stone             |     3 |       |       |       ||     3
 Cast: Beastly Appendage |    26 |    41 |    11 |     1 ||    79
       Sticks to Snakes  |       |     7 |       |     1 ||     8
       Spider Form       |       |       |    45 |    13 ||    58
Invok: Lunge             |       |       |       |     1 ||     1
 Abil: Breathe Steam     |       |       |     3 |       ||     3
  Use: Potion            |       |     4 |       |     6 ||    10
       Scroll            |       |     7 |     2 |     6 ||    15
 Stab: Sleeping          |     1 |     2 |     2 |       ||     5
       Paralysed         |       |     4 |       |       ||     4
       Distracted        |       |       |     1 |       ||     1
  Eat: Chunk             |     1 |    15 |    17 |     1 ||    34
       Ration            |       |     1 |       |     4 ||     5
Armor: Skin              |    45 |    81 |    45 |    16 ||   187
Dodge: Dodged            |    57 |   189 |   308 |   123 ||   677
